AoeStats
← Orange Jiangzc

Nomad

514995840Analyzed
4v4 RM · 17d ago on Oct 20, 2026· 41m 6s· 8 players
Game mode
Random Map
Map size
231×231
Population
200
Speed
Normal
Resources
Standard
Victory
Conquest
Starting age
Dark Age
Ending age
Imperial Age
RankedLock teamsTeams togetherTeam positionsShared explorationLock speedFull tech treeHidden civsTurbo modeCheats
Victory
Defeat
🇨🇳 Spanish · China
794
+11
🇨🇳 Varangians · China
791
+11
🇪🇸 Vietnamese · Spain
784
+11
🇦🇷 Poles · Argentina
716
+15
vs
🇺🇸 Georgians · United States
703
-13
🇺🇸 Dravidians · United States
682
-12
🇨🇳 Goths · China
678
-12
🇩🇪 Khmer · Germany
651
-11
Smurfm4n87
4:54 Loom
17:53 Feudal Age
18:25 Horse Collar
18:36 Double-Bit Axe
18:27 Man-at-Arms
18:53 Arson
22:12 Wheelbarrow
23:32 Forging
23:22 Scale Mail Armor
24:40 Scale Barding Armor
24:27 Fletching
26:47 Bloodlines
30:25 Castle Age
31:07 Long Swordsman
31:32 Gambesons
31:48 Squires
31:24 Light Cavalry
32:14 Bloodlines
32:06 Husbandry
34:55 Hand Cart
37:32 Guard Tower
laserredreptiles315
3:58 Loom
18:24 Feudal Age
20:12 Wheelbarrow
19:15 Man-at-Arms
20:39 Arson
21:18 Scale Mail Armor
23:30 Forging
29:39 Fletching
zeitbinder
7:54 Loom
22:13 Feudal Age
25:24 Castle Age
24:27 Bloodlines
25:20 Forging
25:15 Scale Barding Armor
26:46 Husbandry
32:10 Iron Casting
31:56 Chain Barding Armor
34:24 Wheelbarrow
37:31 Hand Cart
37:03 Town Watch
Jaosdifomd@dfd
18:08 Feudal Age
26:09 Loom
Casy2210
5:54 Loom
18:06 Feudal Age
23:28 Man-at-Arms
38:10 Double-Bit Axe
apolo
3:02 Loom
18:31 Feudal Age
20:48 Bloodlines
23:10 Scale Barding Armor
23:16 Forging
25:40 Wheelbarrow
30:05 Castle Age
27:56 Fishing Lines
28:53 Double-Bit Axe
30:11 Light Cavalry
30:54 Husbandry
37:02 Chain Barding Armor
37:18 Iron Casting
36:38 Gillnets
Orange Jiangzc
7:12 Loom
14:52 Feudal Age
18:48 Castle Age
16:55 Double-Bit Axe
20:46 Bow Saw
21:16 Wheelbarrow
20:35 Horse Collar
21:22 Heavy Plow
25:38 Hand Cart
25:40 Fishing Lines
27:26 Gold Mining
27:27 Stone Mining
29:37 Town Watch
30:35 Stone Shaft Mining
29:58 Gillnets
34:48 Imperial Age
33:26 Scale Barding Armor
33:32 Forging
34:49 Chain Barding Armor
35:05 Town Patrol
35:22 Bloodlines
35:12 Husbandry
36:07 Iron Casting
35:09 Cavalier
36:34 Conscription
38:14 Blast Furnace
37:50 Plate Barding Armor
38:21 Fletching
38:51 Siege Engineers
38:48 Vendel Legacy
39:26 Gothikon
42:31 Chemistry
41:52 Ballistics
41:29 Murder Holes
41:19 Treadmill Crane
41:50 Masonry
41:41 Bodkin Arrow
作手ab
17:54 Feudal Age
18:30 Double-Bit Axe
23:04 Castle Age
21:06 Stone Mining
21:31 Fishing Lines
21:57 Gold Mining
27:08 Stone Shaft Mining
27:18 Ballistics
27:27 Gillnets
28:23 Fletching
29:00 Masonry
30:34 Bow Saw
30:07 Horse Collar
33:02 Wheelbarrow
32:35 Heavy Plow
33:51 Bodkin Arrow
35:53 Hand Cart
36:00 Forging
40:48 Murder Holes
Connection lost

Rejoining the realm…

Still unreachable

The connection could not be restored.

Session expired

The server has moved on; the page needs a fresh start.